AoeStats
← Housed, M.D.

Arabia

510575125Analyzed
2v2 RM · 8h ago on Oct 1, 2026· 44m 7s· 4 players
Game mode
Random Map
Map size
Medium (4 player)
Population
200
Speed
Normal
Resources
Standard
Victory
Conquest
Starting age
Dark Age
Ending age
Imperial Age
RankedLock teamsTeams togetherTeam positionsShared explorationLock speedFull tech treeHidden civsTurbo modeCheats
Victory
Defeat
🇨🇿 Varangians · Czechia
1000
+45
🇫🇷 Mongols · France
939
+18
🇹🇷 Ethiopians · Türkiye
1003
-17
🇹🇷 Celts · Türkiye
959
-16
[VF] ThemisNyks
7:17 Loom
9:55 Feudal Age
10:35 Double-Bit Axe
10:32 Horse Collar
16:38 Fletching
16:49 Padded Archer Armor
24:27 Castle Age
25:37 Husbandry
25:07 Crossbowman
25:44 Bodkin Arrow
25:57 Scale Barding Armor
27:53 Leather Archer Armor
28:52 Forging
30:20 Chain Barding Armor
32:48 Wheelbarrow
32:50 Bow Saw
33:37 Thumb Ring
36:10 Heavy Plow
43:06 Ballistics
Kenan Komutan
6:18 Loom
9:06 Feudal Age
9:01 Loom
9:49 Double-Bit Axe
11:20 Man-at-Arms
13:49 Horse Collar
24:26 Castle Age
23:30 Forging
23:34 Stone Mining
24:15 Scale Mail Armor
24:28 Pikeman
26:59 Bow Saw
26:54 Heavy Plow
26:47 Gold Mining
Housed, M.D.
11:03 Feudal Age
9:50 Loom
14:00 Bloodlines
15:11 Double-Bit Axe
21:44 Castle Age
21:15 Fletching
22:31 Horse Collar
23:26 Scale Barding Armor
24:41 Husbandry
25:57 Forging
26:07 Chain Barding Armor
29:20 Heavy Plow
40:53 Squires
40:39 Gambesons
44:00 Arson
44:54 Iron Casting
44:20 Scale Mail Armor
M4PUCH3
8:52 Loom
10:38 Feudal Age
11:39 Double-Bit Axe
15:41 Horse Collar
16:51 Forging
21:09 Bloodlines
21:08 Scale Barding Armor
21:19 Fletching
23:10 Wheelbarrow
23:45 Padded Archer Armor
27:12 Castle Age
27:45 Elite Skirmisher
28:22 Stone Mining
28:25 Gold Mining
29:03 Chain Barding Armor
28:41 Bodkin Arrow
31:19 Iron Casting
36:06 Bow Saw
36:50 Town Watch
37:45 Gold Shaft Mining
38:29 Hand Cart
38:41 Heavy Plow
38:55 Husbandry
40:13 Stone Shaft Mining
43:19 Imperial Age
43:26 Imperial Age
45:06 Conscription
Connection lost

Rejoining the realm…

Still unreachable

The connection could not be restored.

Session expired

The server has moved on; the page needs a fresh start.